 Dungeon Crawl Stone Soup version 0.20.1-1-g8b1a95d (webtiles) character file.

68 Salad the Skirmisher (level 4, -1/49 HPs)
             Began as an Ogre Skald on July 12, 2017.
             Slain by a worker ant (6 damage)
             ... on level 3 of the Dungeon.
             The game lasted 00:04:28 (1977 turns).

Salad the Skirmisher (Ogre Skald)                   Turns: 1977, Time: 00:04:30

Health: -1/49      AC:  3    Str: 15    XL:     4   Next: 19%
Magic:  6/8        EV: 10    Int: 14    God:
Gold:   85         SH:  0    Dex:  9    Spells: 8/9 levels left

rFire    . . .     SeeInvis .   a - +0 spear
rCold    . . .     Gourm    .   (no shield)
rNeg     . . .     Faith    .   b - +0 robe
rPois    .         Spirit   .   (helmet restricted)
rElec    .         Reflect  .   (no cloak)
rCorr    .         Harm     .   (gloves unavailable)
MR       .....                  (boots unavailable)
Stlth    +.........             (no amulet)
Regen    0.2/turn               (no ring)
MPRegen  0.2/turn               (no ring)

@: lethally poisoned (-1 -> -7)
A: unfitting armour, tough skin 1
a: no special abilities


You were on level 3 of the Dungeon.
You were hungry.

You visited 1 branch of the dungeon, and saw 3 of its levels.

You collected 85 gold pieces.

Inventory:

Hand Weapons
 a - a +0 spear (weapon)
Armour
 b - a +0 robe (worn)
Wands
 e - a wand of enslavement (11/24)
Scrolls
 j - 5 scrolls of teleportation
 l - 2 scrolls of identify
Potions
 f - a potion of brilliance {unknown}
 g - 3 potions of curing
 h - a potion of berserk rage {unknown}
 i - a potion of resistance {unknown}
 k - a potion of heal wounds {unknown}
Books
 c - a book of Battle

   Spells                             Type                      Level
   a - Infusion                       Charms                       1
   b - Shroud of Golubria             Charms/Translocation         2
   c - Song of Slaying                Charms                       2
   d - Spectral Weapon                Hexes/Charms                 3
   e - Regeneration                   Charms/Necromancy            3
Comestibles
 d - 2 bread rations


   Skills:
 * Level 4.4 Fighting
 - Level 2.0 Polearms
 - Level 2.1 Dodging
 + Level 3.3 Spellcasting
 - Level 3.1 Charms


You had 8 spell levels left.
You knew the following spells:

 Your Spells              Type           Power        Failure   Level  Hunger
a - Infusion              Chrm           ##..         6%          1    #......


Dungeon Overview and Level Annotations

Branches:
Dungeon (3/15)

Altars:
Ashenzari
Nemelex Xobeh
Uskayaw


Innate Abilities, Weirdness & Mutations

You are too large for most types of armour.
You have tough skin. (AC +1)


Message History

Aim: a worker ant (heavily wounded)
You hit the worker ant but do no damage.
The worker ant is heavily wounded.
The bat barely misses you. The bat hits you. The worker ant bites you.
You are too injured to fight recklessly!
You are too injured to fight recklessly!
You are too injured to fight recklessly!
You hit the worker ant but do no damage.
The worker ant is heavily wounded.
The bat hits you but does no damage. The worker ant bites you!
* * * LOW HITPOINT WARNING * * *
You are lethally poisoned!
The worker ant poisons you!
You hit the worker ant but do no damage.
The worker ant is heavily wounded.
* * * LOW HITPOINT WARNING * * *
You feel sick. The bat hits you.
* * * LOW HITPOINT WARNING * * *
The worker ant bites you.
You die...

... ... ... #.# #.#
#.# #b# #+## #@#
#... ###a######..#
##..r........##
#.......##....###.
#.......#..a......
#.......#.....# #
#.............#.# #
#.......#....##.#.#
#.....>.#.........#


You could see a worker ant, a bat and a rat.

Vanquished Creatures
  2 oozes
  4 dart slugs (D:1)
  2 leopard geckos
  An orc (D:2)
  2 ball pythons (D:1)
  5 bats
  2 giant cockroaches
  3 goblins
  2 hobgoblins (D:2)
  4 jackals (D:2)
  2 quokkas (D:3)
  2 frilled lizards (D:2)
  8 kobolds
  9 rats
48 creatures vanquished.

Notes
Turn   | Place    | Note
-------+----------+-------------------------------------------
     0 | D:1      | Salad the Ogre Skald began the quest for the Orb.
     0 | D:1      | Reached XP level 1. HP: 22/22 MP: 3/3
   110 | D:1      | Reached XP level 2. HP: 10/29 MP: 5/5
   403 | D:1      | Reached skill level 3 in Fighting
   761 | D:1      | Reached XP level 3. HP: 37/37 MP: 7/7
  1125 | D:2      | Found a sparkling altar of Nemelex Xobeh.
  1433 | D:2      | Found a shattered altar of Ashenzari.
  1433 | D:2      | Found a hide-covered altar of Uskayaw.
  1626 | D:2      | Reached skill level 4 in Fighting
  1771 | D:3      | Reached XP level 4. HP: 48/48 MP: 8/8
  1977 | D:3      | Slain by a worker ant

Skill      XL: |  1  2  3 |
---------------+----------+-----
Charms         | 3 |  3.1
Fighting       | 3 4 |  4.4
Spellcasting   | 3 |  3.3
Polearms       | |  2.0
Dodging        | |  2.1

Action                   |  1- 3 |  4- 6 || total
-------------------------+-------+-------++-------
Melee: Spear             |   169 |    29 ||   198
 Cast: Infusion          |     2 |     1 ||     3
  Use: Scroll            |     4 |     1 ||     5
       Potion            |       |     1 ||     1
 Stab: Sleeping          |     2 |       ||     2
  Eat: Chunk             |     3 |       ||     3
Armor: Robe              |    33 |    27 ||    60
Dodge: Dodged            |    82 |    51 ||   133
